 Dungeon Crawl Stone Soup version 0.28.0-53-g5a82cb258f (webtiles) character file.

Game seed: 2307450107787347629

314 safid the Chopper (level 6, -5/52 HPs)
             Began as a Hill Orc Fighter on July 27, 2022.
             Was an Initiate of Ru.
             Slain by a gnoll
             ... wielding a +1 flail of protection
              (10 damage)
             ... on level 4 of the Dungeon.
             The game lasted 00:04:59 (3740 turns).

safid the Chopper (Hill Orc Fighter)                Turns: 3740, Time: 00:04:59

Health: -5/52      AC:  7    Str: 21    XL:     6   Next: 43%
Magic:  6/6        EV:  9    Int:  8    God:    Ru [......]
Gold:   138        SH:  4    Dex: 10    Spells: 5/5 levels left

rFire   . . .      SeeInvis .   a - +0 war axe
rCold   . . .      Faith    .   c - +0 buckler
rNeg    . . .      Spirit   .   b - +0 scale mail
rPois   .          Reflect  .   (no helmet)
rElec   .          Harm     .   (no cloak)
rCorr   .          Rampage  .   (no gloves)
Will    .....                   (no boots)
Stlth   ..........              (no amulet)
HPRegen 0.17/turn               p - +4 ring of slaying
MPRegen 0.10/turn               (no ring)

@: no status effects
A: no striking features
a: Renounce Religion


You were on level 4 of the Dungeon.
You worshipped Ru.
Ru was noncommittal.
You visited 1 branch of the dungeon, and saw 4 of its levels.

You collected 138 gold pieces.

Inventory:

Hand Weapons
 a - a +0 war axe (weapon)
Missiles
 k - 8 poisoned darts (quivered)
 l - 3 javelins
 n - 4 boomerangs of dispersal
Armour
 b - a +0 scale mail (worn)
 c - a +0 buckler (worn)
Jewellery
 p - a +4 ring of slaying (left hand)
Scrolls
 f - a scroll of fear {unknown}
 j - a scroll of brand weapon {unknown}
 m - 4 scrolls of identify {unknown}
 q - a scroll of enchant armour {unknown}
Potions
 d - a potion of might
 e - 2 potions of curing {unknown}
 g - a potion of magic {unknown}
 h - a potion of heal wounds {unknown}
 i - a potion of invisibility {unknown}
 o - a potion of flight {unknown}


   Skills:
 - Level 4.0 Fighting
 + Level 7.6 Axes
 - Level 4.0 Armour
 - Level 4.0 Shields


You had 5 spell levels left.
You didn't know any spells.
Your spell library was empty.

Dungeon Overview and Level Annotations

Branches:
Dungeon (4/15)
 Temple: D:4-7

Altars:
Ru


Message History

You closely miss the gnoll.
The gnoll is heavily wounded.
You hit the gnoll. The gnoll hits you with a +0 club.
The gnoll hits you with a +0 whip.
Unknown command.
You slash the gnoll!
You kill the gnoll!
You slash the gnoll! The gnoll misses you.
Unknown command.
You slash the gnoll!
You kill the gnoll!
You barely miss the gnoll.
The gnoll hits you with a +1 flail of protection.
The gnoll barely misses you.
Unknown command.
You are too injured to fight recklessly!
Unknown command.
You are too injured to fight recklessly!
Unknown command.
You hit the gnoll.
The gnoll is almost dead.
The gnoll hits you with a +1 flail of protection.
You hit the gnoll but do no damage.
The gnoll is almost dead.
The gnoll hits you with a +1 flail of protection.
You barely miss the gnoll.
The gnoll is almost dead.
The gnoll barely misses you.
You barely miss the gnoll.
The gnoll is almost dead.
The gnoll hits you with a +1 flail of protection!
* * * LOW HITPOINT WARNING * * *
You closely miss the gnoll.
The gnoll is almost dead.
The gnoll hits you with a +1 flail of protection!
* * * LOW HITPOINT WARNING * * *
You closely miss the gnoll.
The gnoll is almost dead.
The gnoll hits you with a +1 flail of protection!
You die...

#......#.#####....
#......#.# #.....
#.##.###.# ##.##.
#.##.# #.# ####.
#.##.###.# #.
#......#.# ##'
#.)......# ##..
#.#####..# ##...
#@# .## #....
......)g# . #.....
........# . +.....
....##..# ##
#..... ### #...
##.... #?## ##...
#. ##.. .. ##+


You could see a gnoll.

Vanquished Creatures
  A necrophage (D:4)
  An orc priest (D:3)
  An iguana (D:3)
  An orc wizard (D:3)
  Terence (D:2)
  3 gnolls (D:4)
  3 adders (D:2)
  A dart slug (D:2)
  8 orcs (D:3)
  4 endoplasms
  2 giant cockroaches
  A hobgoblin (D:2)
  4 jackals (D:3)
  5 kobolds
  5 quokkas
  5 ball pythons
  3 bats
  A frilled lizard (D:1)
  8 goblins
  3 rats
61 creatures vanquished.

Notes
Turn   | Place    | Note
-------+----------+-------------------------------------------
     0 | D:1      | safid the Hill Orc Fighter began the quest for the Orb.
     0 | D:1      | Reached XP level 1. HP: 19/19 MP: 1/1
   373 | D:1      | Reached skill level 3 in Axes
   373 | D:1      | Reached XP level 2. HP: 21/27 MP: 2/2
   954 | D:2      | Identified the +1 robe of Leapfrog {rC- Dex+4}
  1026 | D:2      | Found a faded altar of an unknown god.
  1030 | D:2      | Prayed at the altar of an unknown god.
  1030 | D:2      | Became a worshipper of Ru the Awakened
  1192 | D:2      | Reached XP level 3. HP: 32/33 MP: 3/3
  1497 | D:2      | Noticed Terence
  1504 | D:2      | Killed Terence
  1505 | D:2      | Reached skill level 4 in Axes
  1505 | D:2      | Reached XP level 4. HP: 30/40 MP: 4/4
  2175 | D:3      | Reached skill level 5 in Axes
  2175 | D:3      | Reached XP level 5. HP: 24/46 MP: 5/5
  2442 | D:3      | Identified the +11 rapier of Fundamental Breach {vorpal,
                  | Contam rElec rC++ Str+2}
  2502 | D:3      | Reached skill level 6 in Axes
  3600 | D:4      | Noticed a necrophage
  3611 | D:4      | Killed a necrophage
  3612 | D:4      | Reached skill level 7 in Axes
  3612 | D:4      | Reached XP level 6. HP: 39/52 MP: 6/6
  3740 | D:4      | Slain by a gnoll

Illustrated notes

Levels and vault maps discovered:
D:1:      amcnicky_arrival_underground_garden, layout_rooms,
          minmay_misc_feat_four_crosses
D:2:      layout_loops_ring, ebering_ecumenical_altar_abandoned, minivault_24,
          nicolae_figureground_sparkle, uniq_terence
D:3:      layout_loops_corners, minmay_pentomino_pile
D:4:      layout_loops_corners

Skill      XL: |  1  2  3  4  5 |
---------------+----------------+-----
Axes           | 3 4 5 7 |  7.6
Fighting       | 4 |  4.0
Armour         | 4 |  4.0
Shields        | 4 |  4.0

Action                   |  1- 3 |  4- 6 || total
-------------------------+-------+-------++-------
Melee: War axe           |   106 |   110 ||   216
Invok: Reject Sacrifices |     1 |       ||     1
Armor: Scale mail        |    47 |    38 ||    85
Dodge: Dodged            |    56 |    51 ||   107
Block: Buckler           |    23 |    20 ||    43
